PAAA
JERSEY CITY TRITONS @ ALASKAN HUMPBACKS
07/05/2042
 
TOP OF THE 1ST
Jersey City Tritons batting - Pitching for Alaskan Humpbacks : RHP Ralph Owens
Pitching: RHP Ralph Owens
Batting: LHB Tony Goodwin 0-0: Called Strike
0-1: DOUBLE (Line Drive, 5D, EV 96.9 MPH)
Batting: RHB Santiago Valentín 0-0: Fly out, F3 (Popup, 3F, EV 58.1 MPH)
Batting: LHB DeMarvion Overshown 0-0: Called Strike
Tony Goodwin steals 3rd base (no throw)
0-1: Called Strike
0-2: Ball
1-2: Ball
2-2: Fly out, F7 (Flyball, 7S, EV 91.2 MPH)
Runner from 3rd tags up, OUT at HOME! 7-2
Top of the 1st over - 0 runs, 1 hit, 0 errors, 0 left on base; Jersey City 0 - Alaskan 0
BOTTOM OF THE 1ST
Alaskan Humpbacks batting - Pitching for Jersey City Tritons : LHP Wayne Compton
Pitching: LHP Wayne Compton
Batting: RHB Christiaan Bunschoten 0-0: Ball
1-0: Fly out, F7 (Flyball, 7, EV 98.1 MPH)
Batting: RHB António Etxebarria 0-0: Called Strike
0-1: Ball
1-1: Called Strike
1-2: Strikes out swinging
Batting: LHB Teng Xuefeng 0-0: Ball
1-0: Ball
2-0: Foul Ball, location: 2F
2-1: Called Strike
2-2: Ball
3-2: Foul Ball, location: 2F
3-2: Foul Ball, location: 2F
3-2: SINGLE (Groundball, 34D, EV 110.6 MPH)
Batting: LHB Roberts Hamhock 0-0: Ball
1-0: Called Strike
1-1: Called Strike
1-2: Foul Ball, location: 2F
1-2: Ball
2-2: Ball
3-2: Fly out, F8 (Flyball, 8LM, EV 90.0 MPH)
Bottom of the 1st over - 0 runs, 1 hit, 0 errors, 1 left on base; Jersey City 0 - Alaskan 0
TOP OF THE 2ND
Jersey City Tritons batting - Pitching for Alaskan Humpbacks : RHP Ralph Owens
Batting: LHB Dewitt Hopper 0-0: Ball
1-0: Ball
2-0: Called Strike
2-1: Swinging Strike
2-2: Foul Ball, location: 2F
2-2: Strikes out swinging
Batting: RHB Esteban Rojas 0-0: Ball
1-0: Foul Ball, location: 2F
1-1: Ball
2-1: Swinging Strike
2-2: Strikes out swinging
Batting: LHB Kevin Hancock 0-0: Swinging Strike
0-1: Fly out, F9 (Flyball, 9LS, EV 76.2 MPH)
Top of the 2nd over - 0 runs, 0 hits, 0 errors, 0 left on base; Jersey City 0 - Alaskan 0
BOTTOM OF THE 2ND
Alaskan Humpbacks batting - Pitching for Jersey City Tritons : LHP Wayne Compton
Batting: LHB Marc Hayman 0-0: Ball
1-0: Called Strike
1-1: Swinging Strike
1-2: Ball
2-2: Strikes out looking
Batting: RHB Domingo Altamiraño 0-0: Foul Ball, location: 2F
0-1: Ball
1-1: Ball
2-1: Ball
3-1: Fly out, F7 (Flyball, 7S, EV 91.9 MPH)
Batting: LHB Roberto Baca 0-0: Ball
1-0: Foul Ball, location: 2F
1-1: Ball
2-1: Ball
3-1: Called Strike
3-2: Base on Balls
Batting: RHB Justin Forbes 0-0: Ball
1-0: Swinging Strike
1-1: Ball
2-1: Foul Ball, location: 2F
2-2: Fly out, F7 (Flyball, 7LS, EV 89.4 MPH)
Bottom of the 2nd over - 0 runs, 0 hits, 0 errors, 1 left on base; Jersey City 0 - Alaskan 0
TOP OF THE 3RD
Jersey City Tritons batting - Pitching for Alaskan Humpbacks : RHP Ralph Owens
Batting: RHB Eddie Hickford 0-0: Called Strike
0-1: Ball
1-1: Fly out, F5 (Popup, 5SF, EV 78.8 MPH)
Batting: LHB Jarred Williamson 0-0: Ball
1-0: Ball
2-0: Foul Ball, location: 2F
2-1: DOUBLE (Line Drive, 8LXD, EV 108.1 MPH) - OUT at third base trying to stretch hit.
Batting: RHB Ramón Rodríguez 0-0: Called Strike
0-1: Foul Ball, location: 2F
0-2: Ball
1-2: Ball
2-2: Fly out, F9 (Flyball, 9, EV 92.5 MPH)
Top of the 3rd over - 0 runs, 1 hit, 0 errors, 0 left on base; Jersey City 0 - Alaskan 0
BOTTOM OF THE 3RD
Alaskan Humpbacks batting - Pitching for Jersey City Tritons : LHP Wayne Compton
Batting: RHB Kyle Goodbrand 0-0: Ball
1-0: Called Strike
1-1: Swinging Strike
1-2: Strikes out swinging
Batting: RHB Christiaan Bunschoten 0-0: Swinging Strike
0-1: Hit by Pitch
Batting: RHB António Etxebarria 0-0: Ball
1-0: Ball
2-0: Ball
3-0: Fly out, F8 (Flyball, 8LM, EV 81.9 MPH)
Batting: LHB Teng Xuefeng 0-0: SINGLE (Flyball, 7LS, EV 96.2 MPH)
Christiaan Bunschoten to second
Batting: LHB Roberts Hamhock 0-0: 3-RUN HOME RUN (Flyball, 7LD, EV 102.5 MPH), Distance : 336 ft
Batting: LHB Marc Hayman 0-0: Ball
1-0: Ground out 6-3 (Groundball, 6, EV 77.5 MPH)
Bottom of the 3rd over - 3 runs, 2 hits, 0 errors, 0 left on base; Jersey City 0 - Alaskan 3
TOP OF THE 4TH
Jersey City Tritons batting - Pitching for Alaskan Humpbacks : RHP Ralph Owens
Batting: LHB Tony Goodwin 0-0: Ball
1-0: Ball
2-0: Fly out, F1 (Line Drive, P, EV 70.6 MPH)
Batting: RHB Santiago Valentín 0-0: Called Strike
0-1: Ball
1-1: Foul Ball, location: 2F
1-2: Ball
2-2: Ball
3-2: Foul Ball, location: 2F
3-2: Fly out, F7 (Flyball, 7S, EV 91.2 MPH)
Batting: LHB DeMarvion Overshown 0-0: Foul Ball, location: 2F
0-1: Called Strike
0-2: Ball
1-2: Ball
2-2: SINGLE (Line Drive, 9LM, EV 113.1 MPH)
Batting: LHB Dewitt Hopper 0-0: Called Strike
0-1: Foul Ball, location: 2F
0-2: DOUBLE (Groundball, 3L, EV 110.6 MPH)
DeMarvion Overshown to third
Batting: RHB Esteban Rojas 0-0: Ball
1-0: Called Strike
1-1: Ball
2-1: Reached on error, E5 (Groundball, 56S, EV 62.5 MPH)
DeMarvion Overshown scores
Dewitt Hopper to third
Batting: LHB Kevin Hancock 0-0: Called Strike
0-1: Foul Ball, location: 2F
0-2: Ball
1-2: Ball
2-2: Ball
3-2: Foul Ball, location: 2F
3-2: Strikes out swinging
Top of the 4th over - 1 run, 2 hits, 1 error, 2 left on base; Jersey City 1 - Alaskan 3
BOTTOM OF THE 4TH
Alaskan Humpbacks batting - Pitching for Jersey City Tritons : LHP Wayne Compton
Batting: RHB Domingo Altamiraño 0-0: Foul Ball, location: 2F
0-1: Foul Ball, location: 2F
0-2: Strikes out looking
Batting: LHB Roberto Baca 0-0: Called Strike
0-1: Called Strike
0-2: Ball
1-2: Ball
2-2: Fly out, F8 (Flyball, 89D, EV 104.4 MPH)
Batting: RHB Justin Forbes 0-0: Ball
1-0: Fly out, F9 (Flyball, 9, EV 82.5 MPH)
Bottom of the 4th over - 0 runs, 0 hits, 0 errors, 0 left on base; Jersey City 1 - Alaskan 3
TOP OF THE 5TH
Jersey City Tritons batting - Pitching for Alaskan Humpbacks : RHP Ralph Owens
Batting: RHB Eddie Hickford 0-0: Called Strike
0-1: Foul Ball, location: 2F
0-2: Foul Ball, location: 2F
0-2: Strikes out swinging
Batting: LHB Jarred Williamson 0-0: Ball
1-0: Foul Ball, location: 2F
1-1: Ground out 1-3 (Groundball, 13S, EV 73.8 MPH)
Batting: RHB Ramón Rodríguez 0-0: Ball
1-0: Ball
2-0: Foul Ball, location: 2F
2-1: Swinging Strike
2-2: Fly out, F8 (Line Drive, 8RD, EV 96.9 MPH)
Top of the 5th over - 0 runs, 0 hits, 0 errors, 0 left on base; Jersey City 1 - Alaskan 3
BOTTOM OF THE 5TH
Alaskan Humpbacks batting - Pitching for Jersey City Tritons : LHP Wayne Compton
Batting: RHB Kyle Goodbrand 0-0: Ball
1-0: Called Strike
1-1: Ball
2-1: Fly out, F8 (Flyball, 8RD, EV 100.0 MPH)
Batting: RHB Christiaan Bunschoten 0-0: Called Strike
0-1: Ball
1-1: Foul Ball, location: 2F
1-2: Fly out, F8 (Line Drive, 8RM, EV 90.0 MPH)
Batting: RHB António Etxebarria 0-0: Foul Ball, location: 2F
0-1: Ground out 5-3 (Groundball, 56, EV 80.6 MPH)
Bottom of the 5th over - 0 runs, 0 hits, 0 errors, 0 left on base; Jersey City 1 - Alaskan 3
TOP OF THE 6TH
Jersey City Tritons batting - Pitching for Alaskan Humpbacks : RHP Ralph Owens
Batting: LHB Tony Goodwin 0-0: Ball
1-0: Called Strike
1-1: Ball
2-1: SINGLE (Groundball, 34D, EV 95.0 MPH)
Batting: RHB Santiago Valentín Pickoff Throw to First - Out! 1-3
0-0: Ball
1-0: Ball
2-0: Fly out, F4 (Popup, 3DF, EV 71.2 MPH)
Batting: LHB DeMarvion Overshown 0-0: Ball
1-0: Ball
2-0: Called Strike
2-1: Ball
3-1: Base on Balls
Pitching: RHP Kingston Liniak
Batting: LHB Dewitt Hopper 0-0: Foul Ball, location: 2F
0-1: Foul Ball, location: 2F
0-2: Foul Ball, location: 2F
0-2: Ball
1-2: Ball
2-2: DOUBLE (Flyball, 8LXD, EV 110.6 MPH)
DeMarvion Overshown to third
Runner from 3rd tries for Home, SAFE, no throw by CF
Batting: RHB Esteban Rojas 0-0: Ball
1-0: Ball
2-0: Called Strike
2-1: Ball
3-1: Called Strike
3-2: Foul Ball, location: 2F
3-2: Base on Balls
Batting: LHB Kevin Hancock 0-0: DOUBLE (Flyball, 8LXD, EV 101.2 MPH)
Dewitt Hopper scores
Esteban Rojas to third
Runner from 3rd tries for Home, SAFE, no throw by CF
Batting: RHB Eddie Hickford 0-0: Ball
1-0: Foul Ball, location: 2F
1-1: Called Strike
1-2: Ball
2-2: Ball
3-2: Strikes out swinging
Top of the 6th over - 3 runs, 3 hits, 0 errors, 1 left on base; Jersey City 4 - Alaskan 3
BOTTOM OF THE 6TH
Alaskan Humpbacks batting - Pitching for Jersey City Tritons : LHP Wayne Compton
Batting: LHB Teng Xuefeng 0-0: Swinging Strike
0-1: Called Strike
0-2: Strikes out looking
Batting: LHB Roberts Hamhock 0-0: Called Strike
0-1: Ball
1-1: Foul Ball, location: 2F
1-2: Foul Ball, location: 2F
1-2: Ball
2-2: Foul Ball, location: 2F
2-2: Foul Ball, location: 2F
2-2: Ball
3-2: Strikes out swinging
Batting: LHB Marc Hayman 0-0: Called Strike
0-1: Ball
1-1: SINGLE (Line Drive, 78S, EV 91.9 MPH)
Batting: RHB Domingo Altamiraño 0-0: Called Strike
0-1: Fly out, F8 (Flyball, 8LXD, EV 79.4 MPH)
Bottom of the 6th over - 0 runs, 1 hit, 0 errors, 1 left on base; Jersey City 4 - Alaskan 3
TOP OF THE 7TH
Jersey City Tritons batting - Pitching for Alaskan Humpbacks : RHP Kingston Liniak
Batting: LHB Jarred Williamson 0-0: Foul Ball, location: 2F
0-1: Ball
1-1: Called Strike
1-2: Foul Ball, location: 2F
1-2: Foul Ball, location: 2F
1-2: Fly out, F5 (Popup, 5S, EV 88.1 MPH)
Batting: RHB Ramón Rodríguez 0-0: Called Strike
0-1: Swinging Strike
0-2: Fly out, F7 (Flyball, 7LMF, EV 78.1 MPH)
Batting: LHB Tony Goodwin 0-0: Fly out, F8 (Line Drive, 8RD, EV 110.0 MPH)
Top of the 7th over - 0 runs, 0 hits, 0 errors, 0 left on base; Jersey City 4 - Alaskan 3
BOTTOM OF THE 7TH
Alaskan Humpbacks batting - Pitching for Jersey City Tritons : LHP Wayne Compton
Batting: LHB Roberto Baca 0-0: Ball
1-0: Called Strike
1-1: Swinging Strike
1-2: Strikes out looking
Batting: RHB Justin Forbes 0-0: Foul Ball, location: 2F
0-1: Ball
1-1: Foul Ball, location: 2F
1-2: Ball
2-2: Foul Ball, location: 2F
2-2: Strikes out swinging
Batting: RHB Kyle Goodbrand 0-0: Ball
1-0: Ball
2-0: Called Strike
2-1: Ground out 4-3 (Groundball, 4, EV 105.6 MPH)
Bottom of the 7th over - 0 runs, 0 hits, 0 errors, 0 left on base; Jersey City 4 - Alaskan 3
TOP OF THE 8TH
Jersey City Tritons batting - Pitching for Alaskan Humpbacks : RHP Kingston Liniak
Batting: RHB Santiago Valentín 0-0: Called Strike
0-1: Swinging Strike
0-2: Strikes out swinging
Batting: LHB DeMarvion Overshown 0-0: Ball
1-0: Foul Ball, location: 2F
1-1: Foul Ball, location: 2F
1-2: Ground out 4-3 (Groundball, 4S, EV 87.5 MPH)
Batting: LHB Dewitt Hopper 0-0: Called Strike
0-1: Ball
1-1: Foul Ball, location: 2F
1-2: Ground out 6-3 (Groundball, 6MD, EV 98.1 MPH)
Top of the 8th over - 0 runs, 0 hits, 0 errors, 0 left on base; Jersey City 4 - Alaskan 3
BOTTOM OF THE 8TH
Alaskan Humpbacks batting - Pitching for Jersey City Tritons : LHP Wayne Compton
Pitching: LHP Cedric Zuercher
Batting: RHB Christiaan Bunschoten 0-0: Ball
1-0: Called Strike
1-1: Ball
2-1: Called Strike
2-2: Strikes out looking
Batting: RHB António Etxebarria 0-0: Ball
1-0: Called Strike
1-1: Ball
2-1: Swinging Strike
2-2: Ball
3-2: Fly out, F9 (Flyball, 9LS, EV 91.9 MPH)
Batting: LHB Teng Xuefeng 0-0: Swinging Strike
0-1: Foul Ball, location: 2F
0-2: Ball
1-2: Strikes out looking
Bottom of the 8th over - 0 runs, 0 hits, 0 errors, 0 left on base; Jersey City 4 - Alaskan 3
TOP OF THE 9TH
Jersey City Tritons batting - Pitching for Alaskan Humpbacks : RHP Kingston Liniak
Batting: RHB Esteban Rojas 0-0: Foul Ball, location: 2F
0-1: Swinging Strike
0-2: Strikes out swinging
Batting: LHB Kevin Hancock 0-0: Called Strike
0-1: Ball
1-1: Swinging Strike
1-2: Strikes out swinging
Batting: RHB Eddie Hickford 0-0: Called Strike
0-1: Ball
1-1: Called Strike
1-2: Ball
2-2: Fly out, F8 (Line Drive, 8RD, EV 94.4 MPH)
Top of the 9th over - 0 runs, 0 hits, 0 errors, 0 left on base; Jersey City 4 - Alaskan 3
BOTTOM OF THE 9TH
Alaskan Humpbacks batting - Pitching for Jersey City Tritons : LHP Cedric Zuercher
Pitching: RHP Mal Houser
Batting: LHB Roberts Hamhock 0-0: Called Strike
0-1: SINGLE (Line Drive, 89XD, EV 101.9 MPH)
Batting: LHB Marc Hayman 0-0: Called Strike
0-1: Ball
1-1: Called Strike
1-2: Strikes out looking
Pinch Hitting: LHB Carlos Castro 0-0: Fly out, F7 (Flyball, 78S, EV 86.9 MPH)
Batting: LHB Roberto Baca 0-0: SINGLE (Flyball, 89S, EV 88.1 MPH)
Roberts Hamhock to second
Runner from 2nd tries for 3rd, SAFE, throw by RF made to third
Pinch Hitting: LHB Pat Pending 0-0: Called Strike
0-1: Ball
1-1: Foul Ball, location: 2F
1-2: SINGLE (Groundball, 6M, EV 96.9 MPH)
Roberts Hamhock scores
Roberto Baca to second
Runner from 2nd tries for 3rd, OUT! 8-5
Bottom of the 9th over - 1 run, 3 hits, 0 errors, 1 left on base; Jersey City 4 - Alaskan 4
TOP OF THE 10TH
Jersey City Tritons batting - Pitching for Alaskan Humpbacks : RHP Kingston Liniak
Now at 2B: Marcos Luna
Now in LF: Pat Pending
Batting: LHB Jarred Williamson 0-0: Ball
1-0: Ball
2-0: Foul Ball, location: 2F
2-1: SINGLE (Line Drive, 56D, EV 111.2 MPH)
Pitching: RHP Júlio Gutiérrez
Batting: RHB Ramón Rodríguez 0-0: Ball
1-0: Fielders Choice at 2nd, 4-6 (Groundball, 34, EV 83.1 MPH)
Batting: LHB Tony Goodwin 0-0: Called Strike
0-1: Foul Ball, location: 2F
0-2: Ball
1-2: SINGLE (Groundball, 3, EV 84.4 MPH) (infield hit)
Ramón Rodríguez to second
Pinch Hitting: LHB Jim Henson 0-0: Ball
1-0: DOUBLE (Line Drive, 89XD, EV 102.5 MPH)
Ramón Rodríguez scores
Tony Goodwin to third
Runner from 3rd tries for Home, SAFE, throw by RF to home
Batting: LHB DeMarvion Overshown 0-0: Swinging Strike
0-1: Ground out U3 (Groundball, 3, EV 85.0 MPH)
Jim Henson to third
Batting: LHB Dewitt Hopper 0-0: Ball
1-0: Ball
2-0: Called Strike
2-1: Foul Ball, location: 2F
2-2: Ball
3-2: Foul Ball, location: 2F
3-2: Base on Balls
Batting: RHB Esteban Rojas 0-0: Ball
1-0: Called Strike
1-1: Foul Ball, location: 2F
1-2: Strikes out swinging
Top of the 10th over - 2 runs, 3 hits, 0 errors, 2 left on base; Jersey City 6 - Alaskan 4
BOTTOM OF THE 10TH
Alaskan Humpbacks batting - Pitching for Jersey City Tritons : RHP Mal Houser
Pitching: RHP Joe Haynes
Now at 2B: Alfredo Valdéz
Batting: RHB Kyle Goodbrand 0-0: Ball
1-0: Ball
2-0: Ball
3-0: Called Strike
3-1: Base on Balls
Batting: RHB Christiaan Bunschoten 0-0: Ball
1-0: Swinging Strike
1-1: Ball
2-1: Foul Ball, location: 2F
2-2: Strikes out swinging
Batting: RHB António Etxebarria 0-0: Called Strike
0-1: Called Strike
0-2: Strikes out swinging
Batting: LHB Teng Xuefeng 0-0: Ball
1-0: Called Strike
1-1: Ball
2-1: Ball
3-1: Base on Balls
Kyle Goodbrand to second
Pinch Runner at 2nd Yehonatan Chazan:
Batting: LHB Roberts Hamhock 0-0: Ball
1-0: Called Strike
1-1: SINGLE (Line Drive, 34, EV 100.0 MPH)
Yehonatan Chazan to third
Teng Xuefeng to second
Batting: LHB Marc Hayman 0-0: Ball
1-0: Fielders Choice at 2nd, 6-4 (Groundball, 6, EV 98.8 MPH)
Bottom of the 10th over - 0 runs, 1 hit, 0 errors, 3 left on base; Jersey City 6 - Alaskan 4
Friday, March 26th, 2021 - OOTP Baseball 20.8 Build 74